 Dungeon Crawl Stone Soup version 0.28.0-1-gb440e238dd (webtiles) character file.

Game seed: 14144187505113562704

88 SnakkuSnakku7 the Firebug (level 4, 0/30 HPs)
             Began as a Demonspawn Fire Elementalist on Feb 20, 2022.
             Killed from afar by Sigmund (9 damage)
             ... with a magic dart
             ... on level 2 of the Dungeon.
             The game lasted 00:03:46 (1185 turns).

SnakkuSnakku7 the Firebug (DsFE)                    Turns: 1185, Time: 00:03:47

Health: 0/30       AC:  3    Str:  8    XL:     4   Next: 29%
Magic:  7/7        EV: 12    Int: 19    God:
Gold:   87         SH: 10    Dex: 13    Spells: 6/7 levels left

rFire   . . .      SeeInvis .   h - +2 dagger (venom)
rCold   . . .      Faith    .   (no shield)
rNeg    . . .      Spirit   .   a - +0 robe
rPois   .          Reflect  .   i - +1 hat
rElec   .          Harm     .   (no cloak)
rCorr   .          Rampage  .   (no gloves)
Will    .....                   (no boots)
Stlth   ++........              (no amulet)
HPRegen 0.10/turn               (no ring)
MPRegen 0.10/turn               (no ring)

@: no status effects
A: large bone plates 2, condensation shield
a: no special abilities


You were on level 2 of the Dungeon.
You visited 1 branch of the dungeon, and saw 3 of its levels.

You collected 87 gold pieces.

Inventory:

Hand Weapons
 c - a +0 quarterstaff
 h - a +2 dagger of venom (weapon)
Armour
 a - a +0 robe (worn)
 i - a +1 hat (worn)
Wands
 j - a wand of charming (7)
Scrolls
 b - a scroll of identify {unknown}
 d - a scroll of noise {unknown}
 e - a scroll of enchant weapon {unknown}
Potions
 f - a potion of curing {unknown}
 g - a potion of mutation {unknown}


   Skills:
 - Level 1.7 Dodging
 - Level 1.7 Stealth
 - Level 2.0 Spellcasting
 + Level 3.0 Conjurations
 + Level 3.8 Fire Magic


You had 6 spell levels left.
You knew the following spells:

 Your Spells              Type           Power      Damage    Failure   Level
a - Foxfire               Conj/Fire      56%        2x1d6     4%          1

Your spell library contained the following spells:

 Spells                   Type           Power      Damage    Failure   Level
 Scorch                   Fire           32%        2d7       5%          2
 Conjure Flame            Conj/Fire      14%        6-21      12%         3
 Sandblast                Erth           2%         2d4       17%         1
 Inner Flame              Hex/Fire       9%         N/A       22%         3
 Passwall                 Tmut/Erth      0%         N/A       26%         2
 Stone Arrow              Conj/Erth      14%        3d7       26%         3
 Flame Wave               Conj/Fire      14%        2d6       38%         4
 Cause Fear               Hex            0%         N/A       86%         4
 Discord                  Hex            0%         N/A       100%        8


Dungeon Overview and Level Annotations

Branches:
Dungeon (3/15)

Altars:

Annotations:
D:2 Sigmund


Innate Abilities, Weirdness & Mutations

You are mostly covered in large bone plates. (SH +6)
A meltable shield of frost defends you. (SH +4)


Message History

You hit the water moccasin skeleton.
The water moccasin skeleton is almost destroyed.
The orc shouts!
The orc wizard shouts!
The water moccasin skeleton bites you but does no damage.
An orc comes into view. It is wielding a +0 flail.
An orc comes into view. It is wielding a +0 short sword.
Unknown command.
You hit the water moccasin skeleton.
The water moccasin skeleton is almost destroyed.
The water moccasin skeleton bites you!
The water moccasin skeleton barely misses you.
You hit the water moccasin skeleton.
The water moccasin skeleton is almost destroyed.
An orc priest comes into view. It is wielding a +0 short sword.
The water moccasin skeleton bites you.
* * * LOW HITPOINT WARNING * * *
You hit the water moccasin skeleton.
You destroy the water moccasin skeleton!
The foxfire hits the orc but does no damage. x2
Your Conjurations skill increases to level 3!
You have reached level 4!
You feel clever.
Your demonic ancestry asserts itself...
Large bone plates spread over more of your arms.
The orc wizard gestures wildly while chanting.
The orc wizard flickers and vanishes!
Deactivating autopickup; reactivate with Ctrl-A.
The goblin shouts!
You hear a shout!
You see here a +0 spear.
Okay, then.
The goblin hits you with a +0 club.
* * * LOW HITPOINT WARNING * * *
The orc priest begins to cast a cantrip, but forgets the words!
There is a stone staircase leading up, spattered with blood here.
You block the orc's attack.
You climb upwards.
Level annotation: Sigmund Reactivating autopickup.
Sigmund points at you and mumbles some strange words.
The magic dart hits you!
You die...

.....#.#...####.#.####.#.#
.....#.............#.#.#.#
.....#.#.#########.#.#.#.#
.....#...............#.#.#
.........#########.#.#.#.#
####...............#.#.#.#
.........###########.#.#.#
.####......@...o.....#.#.###
....'...........@..........#
##.##....#############.#...#
#.##....# #.#..## #.#####.#
#.#..# #.# #.# #.#..# #..
..# #.#..# #.# ### #.#..#
#.# #.#..## #.# #.....#


You could see Sigmund and an orc.

Vanquished Creatures
  A water moccasin skeleton (D:3)
  A howler monkey zombie (D:3)
  A dart slug (D:1)
  2 ball pythons (D:1)
  2 giant cockroaches (D:1)
  5 hobgoblins
  4 jackals (D:1)
  2 quokkas
  5 bats (D:1)
  2 goblins
  A kobold (D:1)
  2 rats (D:1)
28 creatures vanquished.

Vanquished Creatures (others)
  48 foxfires
48 creatures vanquished.

Grand Total: 76 creatures vanquished

Notes
Turn   | Place    | Note
-------+----------+-------------------------------------------
     0 | D:1      | SnakkuSnakku7 the Demonspawn Fire Elementalist began the
                  | quest for the Orb.
     0 | D:1      | Reached XP level 1. HP: 13/13 MP: 3/3
   173 | D:1      | Gained mutation: A meltable shield of frost defends you.
                  | (SH +4) [demonic ancestry]
   173 | D:1      | Reached XP level 2. HP: 15/19 MP: 0/5
   285 | D:1      | Found a faded altar of an unknown god.
   839 | D:2      | Gained mutation: You are partially covered in large bone
                  | plates. (SH +4) [demonic ancestry]
   839 | D:2      | Reached XP level 3. HP: 14/24 MP: 3/6
   927 | D:2      | Noticed Sigmund
  1161 | D:3      | Gained mutation: You are mostly covered in large bone
                  | plates. (SH +6) [demonic ancestry]
  1161 | D:3      | Reached XP level 4. HP: 7/30 MP: 5/7
  1185 | D:2      | Killed from afar by Sigmund

Illustrated notes

Levels and vault maps discovered:
D:1:      scummos_arrival_simple_crosswalls, layout_basic,
          hellmonk_ecumenical_altar_heavens_door, dk_noncrumbling_3,
          glass_columns_c
D:2:      layout_basic, uniq_sigmund
D:3:      layout_loops_ring, serial_undead, serial_undead_e, serial_undead_a,
          serial_undead_d, serial_undead_f, serial_undead_a, serial_undead_c,
          serial_undead_c, serial_undead_f, serial_undead_e, serial_undead_b

Skill      XL: |  1  2  3 |
---------------+----------+-----
Fire Magic     | 3 |  3.8
Conjurations   | 2 3 |  3.0
Dodging        | |  1.7
Stealth        | |  1.7
Spellcasting   | |  2.0

Action                   |  1- 3 |  4- 6 || total
-------------------------+-------+-------++-------
Melee: Unarmed           |     4 |       ||     4
       Quarterstaff      |    27 |       ||    27
       Dagger            |    29 |       ||    29
       Punch             |     1 |       ||     1
 Cast: Foxfire           |    30 |       ||    30
Armor: Robe              |    20 |       ||    20
Dodge: Dodged            |    58 |       ||    58
Block: Other             |    16 |     1 ||    17
